 Dungeon Crawl Stone Soup version 0.31.0-1-g2c135a008e (webtiles) character file.

Game seed: 13914649710200311749

42 qw the Shooter (level 3, -1/29 HPs)
             Began as a Djinni Hunter on Jan 24, 2024.
             Slain by Terence
             ... wielding a +0 flail
              (3 damage)
             ... on level 2 of the Dungeon.
             The game lasted 00:00:03 (916 turns).

qw the Shooter (Djinni Hunter)                       Turns: 916, Time: 00:00:04

Health: -1/29      AC:  6    Str: 10    XL:     3   Next: 80%
Gold:   80         EV: 11    Int: 10    God:
                   SH:  0    Dex: 18

rFire   + + .        a - +0 shortbow
rCold   x . .        (shield currently unavailable)
rNeg    . . .        d - +0 ring mail
rPois   inf          h - +0 helmet
rElec   .            (no cloak)
rCorr   .            (no gloves)
SInv    .            (boots unavailable)
Will    .....        (no amulet)
Stlth   +            (no ring)
HPRegen 0.24/turn    (no ring)
MPRegen 0.00/turn

%: infuse magic (-2 HP)
@: flying, slowed, very slow
A: sickness immunity, fire resistance 2, cold vulnerability 1, float, innate
caster, HP casting, extra vitality 1
a: no special abilities


You were on level 2 of the Dungeon.
You visited 1 branch of the dungeon, and saw 2 of its levels.

You collected 80 gold pieces.


Innate Abilities, Weirdness & Mutations

You are immune to sickness and miasma.
You are immune to poison.
Your flesh is very heat resistant. (rF++)
You are vulnerable to cold. (rC-)
You float through the air rather than walking.
You learn spells naturally, not from books.
Your magical power is your life essence.
You have superior vitality. (+4 MHP)


   Skills:
 + Level 2.4 Fighting
 - Level 4.0 Ranged Weapons
 - Level 1.0 Armour
 - Level 2.1 Dodging
 - Level 0.7 Stealth


You knew the following spells:

 Your Spells              Type           Power      Damage    Failure   Level
a - Sandblast             Erth           0%         2d4       67%         1
Your spell library was empty.

Inventory:

Hand Weapons
 a - a +0 shortbow (weapon)
Armour
 d - a +0 ring mail (worn)
 h - a +0 helmet (worn)
Scrolls
 b - a scroll of amnesia {unknown}
Potions
 f - 3 potions of curing

Dungeon Overview and Level Annotations

Branches:
Dungeon (2/15)

Altars:

Annotations:
D:2 Natasha, Terence


Message History

Enter note:
910 ||| RETREEEEATING.
Enter note:
911 ||| RETREEEEATING.
Natasha mumbles some strange words.
Natasha shimmers violently.
Natasha mumbles some strange words.
Terence barely misses you.
Enter note:
912 ||| RETREEEEATING.
Natasha extends her claws.
Natasha mumbles some strange words.
Enter note:
Enter note:
913 ||| RETREEEEATING.
Terence says, "Don't bother to defend, it's senseless."
The cerulean imp attacks as it pursues you!
The cerulean imp barely misses you. Terence barely misses you.
Enter note:
914 ||| RETREEEEATING.
The cerulean imp attacks as it pursues you!
The cerulean imp hits you from afar with a +0 spear.
The cerulean imp closely misses you.
915 ||| RETREEEEATING.
Terence attacks as he pursues you! Terence hits you but does no damage.
The cerulean imp attacks as it pursues you!
The cerulean imp barely misses you.
Natasha mumbles some strange words.
Natasha glows brightly for a moment.
The cerulean imp barely misses you. Terence closely misses you.
You shoot an arrow. The arrow barely misses Terence.
The arrow closely misses the cerulean imp.
The arrow hits the cerulean imp.
The cerulean imp is lightly wounded.
Natasha wildly gestures.
Natasha shimmers violently.
The cerulean imp hits you from afar with a +0 spear.
Terence hits you with a +0 flail.
You die...
Terence says, "That felt goooood."

####### #.....# ####
#.....# #...## #.....#
#....## #.....#
#.....###.....# ########
#.[.%...####.## #......#
####.##...##.#####......#
#.####....@@55#......#
#.#######.###.%......#
#....###.............#
####..##.....#.......######
##.##.....##............
#..#..)..##......######
##........#......#
##...S.....#.####
###.###.....#


You could see Terence and 2 cerulean imps.

Vanquished Creatures
  An adder (D:2)
  A dart slug (D:1)
  4 endoplasms
  2 giant cockroaches
  3 hobgoblins
  3 jackals (D:1)
  2 quokkas (D:1)
  2 ball pythons (D:1)
  A bat (D:1)
  3 frilled lizards
  2 goblins (D:1)
  4 kobolds
  2 rats
30 creatures vanquished.

Notes
Turn   | Place    | Note
-------+----------+-------------------------------------------
     0 | D:1      | qw the Djinni Hunter began the quest for the Orb.
     0 | D:1      | Reached XP level 1. HP: 18/18 MP: 0/0
     0 | D:1      | 0 ||| qw: Version: 0.3-a-136-gdd3b4e8
     0 | D:1      | 0 ||| qw: Game counter: 1415
     0 | D:1      | 0 ||| qw: Melee chars always use a shield: true
     0 | D:1      | 0 ||| qw: God list: Okawaru
     0 | D:1      | 0 ||| qw: Allow faded altars: false
     0 | D:1      | 0 ||| qw: Do Orc after clearing Dungeon:15 true
     0 | D:1      | 0 ||| qw: Do second Lair branch before Depths: true
     0 | D:1      | 0 ||| qw: Lair rune preference: random
     0 | D:1      | 0 ||| qw: Goals: Normal
     0 | D:1      | 0 ||| PLANNING D:1-11
    98 | D:1      | Reached XP level 2. HP: 23/23 MP: 0/0
   670 | D:1      | Reached skill level 4 in Ranged Weapons
   670 | D:1      | Reached XP level 3. HP: 28/28 MP: 0/0
   670 | D:1      | Learned a level 1 spell: Sandblast
   758 | D:1      | 758 ||| UPGRADING to +0 ring mail.
   768 | D:1      | 768 ||| DROPPING +0 leather armour.
   769 | D:1      | 769 ||| UPGRADING to +0 helmet.
   774 | D:1      | 774 ||| READING 2 scrolls labelled XOCHICZINAB.
   774 | D:1      | 774 ||| IDENTIFYING 3 yellow potions
   775 | D:1      | 775 ||| READING scroll of identify.
   775 | D:1      | 775 ||| IDENTIFYING scroll labelled ZUINWE BUAPEITH
   776 | D:1      | 776 ||| DROPPING scroll of butterflies.
   777 | D:1      | 777 ||| DROPPING scroll of immolation.
   835 | D:2      | Reached skill level 1 in Armour
   899 | D:2      | Noticed Natasha
   901 | D:2      | 901 ||| FLEEEEING.
   902 | D:2      | 902 ||| FLEEEEING.
   903 | D:2      | 903 ||| FLEEEEING.
   903 | D:2      | Noticed Terence
   905 | D:2      | 905 ||| RETREEEEATING.
   907 | D:2      | 907 ||| RETREEEEATING.
   908 | D:2      | 908 ||| RETREEEEATING.
   909 | D:2      | 909 ||| RETREEEEATING.
   910 | D:2      | 910 ||| RETREEEEATING.
   911 | D:2      | 911 ||| RETREEEEATING.
   912 | D:2      | 912 ||| RETREEEEATING.
   913 | D:2      | 913 ||| RETREEEEATING.
   914 | D:2      | 914 ||| RETREEEEATING.
   914 | D:2      | HP: 5/29 [cerulean imp/+0 spear[Natasha] (4)]
   915 | D:2      | 915 ||| RETREEEEATING.
   916 | D:2      | HP: 2/29 [cerulean imp/+0 spear[Natasha] (4)]
   916 | D:2      | Slain by Terence

Levels and vault maps discovered:
D:1:      lightli_arrival_chessboard, layout_loops_ring
D:2:      layout_rooms, ebering_ecumenical_altar_sacrificial, wad_orctagon,
          uniq_natasha, uniq_jessica, uniq_terence

Skill      XL: |  1  2  3 |
---------------+----------+-----
Ranged Weapons | 4 |  4.0
Armour         | 1 |  1.0
Fighting       | |  2.4
Dodging        | |  2.1
Stealth        | |  0.7

Action                     || total
---------------------------++-------
   Fire: Shortbow          ||    69
    Use: Scroll            ||     2
 Armour: Leather armour    ||     9
         Ring mail         ||    14
  Dodge: Dodged            ||    16

Table legend:
 A = Non-vault XP
 B = Vault XP
 C = Vault XP percentage of total XP
 D = Non-vault monster count
 E = Vault monster count
 F = Vault count percentage of total count
                 A         B        C        D         E       F
            +---------+---------+-------+---------+---------+-------
      Total |      61 |       0 |   0.0 |      30 |       0 |   0.0
            +---------+---------+-------+---------+---------+-------
        D:1 |      36 |       0 |   0.0 |      21 |       0 |   0.0
        D:2 |      25 |       0 |   0.0 |       9 |       0 |   0.0
            +---------+---------+-------+---------+---------+-------
